Unix NetHack Version 5.0.0-0 post-release - last build May  4 2026 22:22:43 (774f63e81ad911689b3a0859ea89b322d5daca8d,branch:main).

Game began 2026-05-09 18:18:08, ended 2026-05-09 18:52:36.

BeardyHaddock, lawful male dwarven Archeologist

         ---------------
         ...............#
         |........k....|#
         |...d.......%<|
         -----@---------
              ##

BeardyHaddock the Field Worker  St:12 Dx:11 Co:15 In:16 Wi:13 Ch:12  Lawful
Dlvl:5  $:2786 HP:0(36) Pw:12(12) AC:9  Xp:4 T:4281  Satiated

Latest messages:
 The hill orc picks up an iron skull cap.
 e - a +1 pick-axe (weapon in right hand).
 u - a bow (alternate weapon; not wielded).
 The hill orc hits!
 You feel strong!
 Your movements are now unencumbered.
 You must have been exercising diligently.
 You hit the hill orc!
 The hill orc hits!
 You kill the hill orc!
 t - 3 arrows (in quiver) (7 in total).
 You see here a crude dagger.
 u - a bow (weapon in right hand).
 e - a +1 pick-axe (alternate weapon; not wielded).
 In what direction? 6
 You kill the floating eye!
 You see here 3 arrows.
 The hill orc wields a crude dagger!
 t - 3 arrows (in quiver) (9 in total).
 What do you want to write with? [- agintuT or ?*] -
 You write in the dust with your fingertip.
 What do you want to write in the dust here? Elbereth
 The hill orc thrusts his crude dagger.
 The hill orc hits!
 The hill orc picks up a curved sword.
 You descend the stairs.
 You see here a food ration.
 You have a little trouble lifting a food ration.  Continue? [ynq] (q) y
 You learn more about your items by comparing them.
 You have a little trouble lifting d - an uncursed food ration (6 in total).
 Your movements are slowed slightly because of your load.
 What do you want to eat? [dZ or ?*] d
 This satiates your stomach!
 Your movements are now unencumbered.
 You finish eating the food ration.
 e - a +1 pick-axe (weapon in right hand).
 u - a bow (alternate weapon; not wielded).
 The coyote bites!
 You kill the coyote!
 You kill the coyote!
 The little dog bites!
 The little dog bites!
 The little dog bites!
 The little dog bites!
 You die...
 Do you want your possessions identified? [ynq] (y) n
 Do you want to see your attributes? [ynq] (y) n
 Do you want an account of creatures vanquished? [ynaq] (y) n
 Do you want to see your conduct and achievements? [ynq] (y) n
 Do you want to see the dungeon overview? [ynq] (y) n

Inventory:
 Coins    ('$')
  $ - 2786 gold pieces
 Amulets  ('"')
  P - a cursed amulet of restful sleep
 Weapons  (')')
  t - 9 +0 arrows (in quiver)
  u - a +0 bow (alternate weapon; not wielded)
  a - a blessed +2 bullwhip
 Armor    ('[')
  c - an uncursed +0 fedora (being worn)
  l - an uncursed +0 dwarvish cloak
  b - a blessed +0 leather jacket (being worn)
 Comestibles  ('%')
  Z - an uncursed cream pie
  d - 5 uncursed food rations
 Scrolls  ('?')
  m - an uncursed scroll of confuse monster
  X - an uncursed scroll of destroy armor
  Q - an uncursed scroll of fire
  C - an uncursed scroll of gold detection
  I - an uncursed scroll of remove curse
  y - an uncursed scroll of scare monster
 Spellbooks  ('+')
  o - an uncursed spellbook of identify
 Potions  ('!')
  k - an uncursed potion of levitation
  V - an uncursed potion of speed
 Wands    ('/')
  n - a wand of nothing (0:7)
 Tools    ('(')
  h - an empty uncursed sack
  R - an uncursed brass lantern
  D - an uncursed lock pick
  i - a magic marker (0:19)
  e - a +1 pick-axe (weapon in right hand)
  U - an uncursed tin whistle
  f - a tinning kit (0:40)
 Gems/Stones  ('*')
  T - 7 uncursed flint stones
  g - an uncursed touchstone

BeardyHaddock the Archeologist's attributes:

Background:
 You were a Field Worker, a level 4 male dwarven Archeologist.
 You were lawful, on a mission for Quetzalcoatl
 who was opposed by Camaxtli (neutral) and Huhetotl (chaotic).
 You were right-handed.
 You were in the Dungeons of Doom, on level 5.
 You entered the dungeon 4281 turns ago.
 You had 149 experience points, 11 more were needed to attain level 5.

Basics:
 You had 0 out of 36 hit points.
 You had all 12 energy points (spell power).
 Your armor class was 9.
 Your wallet contained 2786 zorkmids.
 Autopickup was off.

Final Characteristics:
 Your strength was 12 (limit:18/100).
 Your dexterity was 11 (limit:20).
 Your constitution was 15 (limit:20).
 Your intelligence was 16 (limit:16).
 Your wisdom was 13 (limit:16).
 Your charisma was 12 (limit:16).

Final Status:
 You were satiated.
 You were unencumbered.
 You were wielding a pick-axe.
 You had basic skill with pick-axe.

Final Attributes:
 You were piously aligned.
 You were telepathic.
 You had automatic searching.
 You had infravision.
 You were lucky.
 You are dead.

Miscellaneous:
 You didn't encounter any bones levels.
 Total elapsed playing time was 34 minutes and 27 seconds.

Major events:
 Turn
    1: BeardyHaddock the lawful male dwarven Archeologist entered the dungeon
  658: attained the rank of Field Worker (level 3)
  828: entered the Gnomish Mines
 1830: reached Mine Town
 4281: killed by a little dog

Spells:
 Name                 Level Category     Fail Retention
 levitation             4   escape       100%  76%-100%
 identify               3   divination   100%  76%-100%

Skills:
 Fighting Skills
   bare handed combat [Unskilled]
   two weapon combat  [Unskilled]
   riding             [Unskilled]
 Weapon Skills
   dagger             [Unskilled]
   knife              [Unskilled]
   pick-axe           [Basic]
   short sword        [Unskilled]
   saber              [Unskilled]
   club               [Unskilled]
   quarterstaff       [Unskilled]
   sling              [Unskilled]
   dart               [Unskilled]
   boomerang          [Unskilled]
   whip               [Basic]
   unicorn horn       [Unskilled]
 Spellcasting Skills
   attack spells      [Unskilled]
   healing spells     [Unskilled]
   divination spells  [Unskilled]
   matter spells      [Unskilled]

Voluntary challenges:
 Character rerolling was not enabled.
 You never genocided any monsters.
 You never polymorphed an object.
 You never changed form.
 You used no wishes.
Achievements:
 You attained the rank of Field Worker.
 You entered the Gnomish Mines.
 You entered Minetown.
 You entered a shop.
 You entered a temple.

 The Dungeons of Doom: levels 1 to 5
    Level 1:
       A fountain.
    Level 2:
       Some fountains.
       Stairs down to The Gnomish Mines.
    Level 3:
    Level 4:
       Some altars.
    Level 5: <- You were here.
       Final resting place for
          you, killed by a little dog.
 The Gnomish Mines: levels 3 to 5
    Level 3:
    Level 4:
    Level 5:
       Many shops, a temple and an altar to Quetzalcoatl, some fountains, some trees.


Vanquished creatures:
  a leprechaun
  a rock piercer
  a gnome leader
  a gray ooze
  3 floating eyes
  2 dwarves
  2 homunculi
  2 hill orcs
  a rothe
  2 rabid rats
 an orc zombie
  a werejackal
 an iguana
  4 coyotes
  2 hobbits
  a manes
  a large kobold
  a giant rat
  3 cave spiders
  a red mold
 17 gnomes
  2 gnome zombies
  a gecko
  3 jackals
  3 foxes
  a kobold
  8 goblins
  2 sewer rats
  a grid bug
  3 lichens
  a kobold zombie
  8 newts
82 creatures vanquished.

No species were genocided or became extinct.

Game over:
                       ----------
                      /          \
                     /    REST    \
                    /      IN      \
                   /     PEACE      \
                  /                  \
                  |  BeardyHaddock   |
                  |     2786 Au      |
                  |   killed by a    |
                  |    little dog    |
                  |                  |
                  |                  |
                  |       2026       |
                 *|     *  *  *      | *
        _________)/\\_//(\/(/\)/\//\/|_)_______

Goodbye BeardyHaddock the Archeologist...

You died in The Dungeons of Doom on dungeon level 5 with 3364 points,
and 2786 pieces of gold, after 4281 moves.
You were level 4 with a maximum of 36 hit points when you died.

